TOP OF THE 1ST |
San Diego Smashers batting - Pitching for Bismark Border Guards : RHP Júlio Quintana
|
Pitching: RHP Júlio Quintana
|
|
Batting: RHB Ricardo Guzmán
|
0-0: Ball 1-0: Called Strike 1-1: Ball 2-1: Foul Ball, location: 2F 2-2: Strikes out swinging
|
Batting: RHB António López
|
0-0: Ball 1-0: Ground out 5-3 (Groundball, 5L)
|
Batting: RHB Phil White
|
0-0: Called Strike 0-1: Ball 1-1: Foul Ball, location: 2F 1-2: Strikes out swinging
|
Top of the 1st over - 0 run(s), 0 hit(s), 0 error(s), 0 left on base; San Diego 0 - Bismark 0 |
BOTTOM OF THE 1ST |
Bismark Border Guards batting - Pitching for San Diego Smashers : RHP Carlos Trujillo
|
Pitching: RHP Carlos Trujillo
|
|
Batting: RHB Edward Melton
|
0-0: Ball 1-0: DOUBLE (Flyball, 8LD)
|
Batting: LHB Rusty Herbert
|
0-0: Ball Edward Melton steals 3rd base 1-0: Foul Ball, location: 2F 1-1: Called Strike 1-2: TRIPLE (Flyball, 89M) Edward Melton scores
|
Batting: RHB Enrico Rodríguez
|
0-0: Foul Ball, location: 2F 0-1: Foul Ball, location: 2F 0-2: Strikes out looking
|
Batting: RHB Mike Wright
|
0-0: Ball 1-0: Called Strike 1-1: Foul Ball, location: 2F 1-2: Fly out, F8 (Flyball, 8RS)
|
Batting: RHB Doug Williams
|
0-0: SINGLE (Line Drive, 7S) Rusty Herbert scores
|
Batting: LHB Norbert Mosley
|
0-0: Ball 1-0: Called Strike 1-1: Ball 2-1: Fly out, F8 (Line Drive, 8LM)
|
Bottom of the 1st over - 2 run(s), 3 hit(s), 0 error(s), 1 left on base; San Diego 0 - Bismark 2 |
TOP OF THE 2ND |
San Diego Smashers batting - Pitching for Bismark Border Guards : RHP Júlio Quintana
|
Batting: RHB Marty Hendrickson
|
0-0: Foul Ball, location: 2F 0-1: Foul Ball, location: 2F 0-2: Strikes out swinging
|
Batting: SHB Chris Woods
|
0-0: Swinging Strike 0-1: Ball 1-1: Ball 2-1: DOUBLE (Flyball, 8RXD)
|
Batting: LHB Karl Hill
|
0-0: Called Strike 0-1: Ball 1-1: Foul Ball, location: 2F 1-2: Strikes out swinging
|
Batting: LHB Francisco Medina
|
0-0: Called Strike 0-1: Fly out, F4 (Popup, 4)
|
Top of the 2nd over - 0 run(s), 1 hit(s), 0 error(s), 1 left on base; San Diego 0 - Bismark 2 |
BOTTOM OF THE 2ND |
Bismark Border Guards batting - Pitching for San Diego Smashers : RHP Carlos Trujillo
|
Batting: RHB Trent Rasmussen
|
0-0: Ball 1-0: Called Strike 1-1: Ball 2-1: Foul Ball, location: 2F 2-2: Ground out 5-3 (Groundball, 56S)
|
Batting: SHB Vicente Pagán
|
0-0: Ball 1-0: Ball 2-0: Ball 3-0: Base on Balls
|
Batting: RHB Reynaldo Slomp
|
0-0: DOUBLE (Line Drive, 8LXD) Vicente Pagán to third
|
Batting: RHB Edward Melton
|
0-0: Foul Ball, location: 2F 0-1: Called Strike 0-2: Fly out, F6 (Line Drive, 6)
|
Batting: LHB Rusty Herbert
|
0-0: Called Strike 0-1: Swinging Strike 0-2: Foul Ball, location: 2F 0-2: Ground out 6-3 (Groundball, 6)
|
Bottom of the 2nd over - 0 run(s), 1 hit(s), 0 error(s), 2 left on base; San Diego 0 - Bismark 2 |
TOP OF THE 3RD |
San Diego Smashers batting - Pitching for Bismark Border Guards : RHP Júlio Quintana
|
Batting: RHB Ryan Cates
|
0-0: Ball 1-0: Called Strike 1-1: Foul Ball, location: 2F 1-2: Ball 2-2: Foul Ball, location: 2F 2-2: Ball 3-2: Strikes out swinging
|
Batting: RHB Jorge Collazo
|
0-0: Swinging Strike 0-1: Called Strike 0-2: Foul Ball, location: 2F 0-2: Ball 1-2: Strikes out swinging
|
Batting: RHB Ricardo Guzmán
|
0-0: Ball 1-0: SINGLE (Flyball, 7LS)
|
Batting: RHB António López
|
0-0: Swinging Strike Throwing error on steal attempt, E2 Ricardo Guzmán to third 0-1: Ball 1-1: Swinging Strike 1-2: Ball 2-2: Ball 3-2: Foul Ball, location: 2F 3-2: Ground out 5-3 (Groundball, 56)
|
Top of the 3rd over - 0 run(s), 1 hit(s), 1 error(s), 1 left on base; San Diego 0 - Bismark 2 |
BOTTOM OF THE 3RD |
Bismark Border Guards batting - Pitching for San Diego Smashers : RHP Carlos Trujillo
|
Batting: RHB Enrico Rodríguez
|
0-0: Ground out 6-3 (Groundball, 6)
|
Batting: RHB Mike Wright
|
0-0: Called Strike 0-1: Ball 1-1: Ball 2-1: Foul Ball, location: 2F 2-2: Foul Ball, location: 2F 2-2: SINGLE (Line Drive, 8RS)
|
Batting: RHB Doug Williams
|
0-0: Ball 1-0: Ball 2-0: SINGLE (Flyball, 89S) Mike Wright to second Throwing error, E9 Mike Wright scores Doug Williams to second
|
Batting: LHB Norbert Mosley
|
0-0: Fly out, F8 (Flyball, 8RS)
|
Batting: RHB Trent Rasmussen
|
0-0: Called Strike 0-1: Ground out 5-3 (Groundball, 5)
|
Bottom of the 3rd over - 1 run(s), 2 hit(s), 1 error(s), 1 left on base; San Diego 0 - Bismark 3 |
TOP OF THE 4TH |
San Diego Smashers batting - Pitching for Bismark Border Guards : RHP Júlio Quintana
|
Batting: RHB Phil White
|
0-0: Foul Ball, location: 2F 0-1: Foul Ball, location: 2F 0-2: Foul Ball, location: 2F 0-2: Ball 1-2: Ball 2-2: Strikes out swinging
|
Batting: RHB Marty Hendrickson
|
0-0: Swinging Strike 0-1: Ball 1-1: Ball 2-1: Foul Ball, location: 2F 2-2: Strikes out swinging
|
Batting: SHB Chris Woods
|
0-0: Swinging Strike 0-1: DOUBLE (Flyball, 78XD)
|
Batting: LHB Karl Hill
|
0-0: Called Strike 0-1: Foul Ball, location: 2F 0-2: Foul Ball, location: 2F 0-2: Ball 1-2: Strikes out swinging
|
Top of the 4th over - 0 run(s), 1 hit(s), 0 error(s), 1 left on base; San Diego 0 - Bismark 3 |
BOTTOM OF THE 4TH |
Bismark Border Guards batting - Pitching for San Diego Smashers : RHP Carlos Trujillo
|
Now at 3B: John Nelson
|
|
Batting: SHB Vicente Pagán
|
0-0: Ball 1-0: Called Strike 1-1: Called Strike 1-2: Foul Ball, location: 2F 1-2: Ball 2-2: Ground out U3 (Groundball, 3)
|
Batting: RHB Reynaldo Slomp
|
0-0: Ball 1-0: Ball 2-0: Ball 3-0: Base on Balls
|
Batting: RHB Edward Melton
|
0-0: Called Strike 0-1: Fly out, F7 (Flyball, 78M)
|
Batting: LHB Rusty Herbert
|
0-0: Ball 1-0: Ground out U3 (Groundball, 3)
|
Bottom of the 4th over - 0 run(s), 0 hit(s), 0 error(s), 1 left on base; San Diego 0 - Bismark 3 |
TOP OF THE 5TH |
San Diego Smashers batting - Pitching for Bismark Border Guards : RHP Júlio Quintana
|
Batting: LHB Francisco Medina
|
0-0: Swinging Strike 0-1: Called Strike 0-2: Foul Ball, location: 2F 0-2: Foul Ball, location: 2F 0-2: Strikes out looking
|
Batting: RHB John Nelson
|
0-0: Swinging Strike 0-1: Called Strike 0-2: Ball 1-2: Ground out U3 (Groundball, 3S)
|
Batting: RHB Jorge Collazo
|
0-0: Ball 1-0: SINGLE (Groundball, 6MD) (infield hit)
|
Batting: RHB Ricardo Guzmán
|
0-0: Foul Ball, location: 2F 0-1: Ball 1-1: Ball 2-1: Called Strike 2-2: Ground out 1-3 (Groundball, 13)
|
Top of the 5th over - 0 run(s), 1 hit(s), 0 error(s), 1 left on base; San Diego 0 - Bismark 3 |
BOTTOM OF THE 5TH |
Bismark Border Guards batting - Pitching for San Diego Smashers : RHP Carlos Trujillo
|
Batting: RHB Enrico Rodríguez
|
0-0: Ground out 5-3 (Groundball, 56)
|
Batting: RHB Mike Wright
|
0-0: Fly out, F8 (Line Drive, 8LD)
|
Batting: RHB Doug Williams
|
0-0: Foul Ball, location: 2F 0-1: Swinging Strike 0-2: Ball 1-2: Strikes out swinging
|
Bottom of the 5th over - 0 run(s), 0 hit(s), 0 error(s), 0 left on base; San Diego 0 - Bismark 3 |
TOP OF THE 6TH |
San Diego Smashers batting - Pitching for Bismark Border Guards : RHP Júlio Quintana
|
Batting: RHB António López
|
0-0: SINGLE (Groundball, 4)
|
Batting: RHB Phil White
|
0-0: Ball 1-0: Foul Ball, location: 2F 1-1: Foul Ball, location: 2F 1-2: Strikes out looking
|
Batting: RHB Marty Hendrickson
|
0-0: Called Strike 0-1: Ball 1-1: Ball 2-1: Foul Ball, location: 2F 2-2: 2-RUN HOME RUN (Flyball, 89XD), Distance : 410 ft
|
Batting: SHB Chris Woods
|
0-0: Ball 1-0: Called Strike 1-1: Ball 2-1: Swinging Strike 2-2: Ball 3-2: Base on Balls
|
Pitching: RHP Steve Benson
|
|
Batting: LHB Karl Hill
|
0-0: Ball 1-0: Called Strike 1-1: Ball 2-1: Swinging Strike 2-2: Foul Ball, location: 2F 2-2: Ball 3-2: Fielders Choice at 2nd, 4-6 (Groundball, 4)
|
Batting: LHB Francisco Medina
|
0-0: Foul Ball, location: 2F 0-1: Swinging Strike 0-2: Ball Karl Hill steals 2nd base 1-2: Ground out 4-3 (Groundball, 4M)
|
Top of the 6th over - 2 run(s), 2 hit(s), 0 error(s), 1 left on base; San Diego 2 - Bismark 3 |
BOTTOM OF THE 6TH |
Bismark Border Guards batting - Pitching for San Diego Smashers : RHP Carlos Trujillo
|
Batting: LHB Norbert Mosley
|
0-0: Called Strike 0-1: Ball 1-1: Foul Ball, location: 2F 1-2: Ball 2-2: Strikes out swinging
|
Batting: RHB Trent Rasmussen
|
0-0: Ball 1-0: Called Strike 1-1: Ball 2-1: Fly out, F3 (Popup, 34)
|
Batting: SHB Vicente Pagán
|
0-0: Ball 1-0: Foul Ball, location: 2F 1-1: Ball 2-1: Foul Ball, location: 2F 2-2: Foul Ball, location: 2F 2-2: Fly out, F5 (Popup, 5SF)
|
Bottom of the 6th over - 0 run(s), 0 hit(s), 0 error(s), 0 left on base; San Diego 2 - Bismark 3 |
TOP OF THE 7TH |
San Diego Smashers batting - Pitching for Bismark Border Guards : RHP Steve Benson
|
Now at C: Alejandro Ramos
|
|
Batting: RHB John Nelson
|
0-0: Foul Ball, location: 2F 0-1: Swinging Strike 0-2: Ball 1-2: Strikes out swinging
|
Batting: RHB Jorge Collazo
|
0-0: Called Strike 0-1: Hit by Pitch
|
Pinch Hitting: LHB Ken Phillips
|
0-0: Foul Ball, location: 2F 0-1: Ball Jorge Collazo is caught stealing 2nd base 1-1: Ball 2-1: Ball 3-1: Called Strike 3-2: DOUBLE (Line Drive, 5L)
|
Batting: RHB António López
|
0-0: 2-RUN HOME RUN (Flyball, 89D), Distance : 393 ft
|
Batting: RHB Phil White
|
0-0: Called Strike 0-1: Ball 1-1: Swinging Strike 1-2: Strikes out looking
|
Top of the 7th over - 2 run(s), 2 hit(s), 0 error(s), 0 left on base; San Diego 4 - Bismark 3 |
BOTTOM OF THE 7TH |
Bismark Border Guards batting - Pitching for San Diego Smashers : RHP Carlos Trujillo
|
Now in CF: Ramiro Martínez
|
|
Batting: RHB Reynaldo Slomp
|
0-0: Swinging Strike 0-1: Ball 1-1: Ball 2-1: Ball 3-1: Base on Balls
|
Batting: RHB Edward Melton
|
0-0: Sac Bunt - play at first, batter OUT! 1-3 Reynaldo Slomp to second
|
Batting: LHB Rusty Herbert
|
0-0: Ball 1-0: Ball 2-0: SINGLE (Flyball, 9S) Reynaldo Slomp to third
|
Pitching: RHP Joe Shoemaker
|
|
Batting: RHB Enrico Rodríguez
|
0-0: Ball 1-0: Swinging Strike 1-1: Foul Ball, location: 2F 1-2: Ball 2-2: Ball 3-2: Strikes out swinging
|
Batting: RHB Mike Wright
|
0-0: Ball 1-0: Ball 2-0: Swinging Strike 2-1: Foul Ball, location: 2F 2-2: Strikes out looking
|
Bottom of the 7th over - 0 run(s), 1 hit(s), 0 error(s), 2 left on base; San Diego 4 - Bismark 3 |
TOP OF THE 8TH |
San Diego Smashers batting - Pitching for Bismark Border Guards : RHP Steve Benson
|
Batting: RHB Marty Hendrickson
|
0-0: Foul Ball, location: 2F 0-1: Ball 1-1: Foul Ball, location: 2F 1-2: Foul Ball, location: 2F 1-2: Ball 2-2: DOUBLE (Flyball, 8RXD)
|
Pinch Runner at 2nd Manuel Muńóz:
|
|
Batting: SHB Chris Woods
|
0-0: Called Strike 0-1: Swinging Strike 0-2: Foul Ball, location: 2F 0-2: Foul Ball, location: 2F 0-2: Ball 1-2: Strikes out swinging
|
Pitching: RHP Beau Murphy
|
|
Batting: LHB Karl Hill
|
0-0: Called Strike 0-1: TRIPLE (Flyball, 9LD) Manuel Muńóz scores
|
Batting: LHB Francisco Medina
|
0-0: Intentional Walk
|
Pinch Hitting: RHB Fred Ameris
|
0-0: Ball 1-0: Called Strike 1-1: Called Strike 1-2: Ball 2-2: Strikes out swinging
|
Pinch Hitting: RHB Gilberto Guzmán
|
0-0: Foul Ball, location: 2F 0-1: Ball 1-1: Foul Ball, location: 2F 1-2: Strikes out swinging
|
Top of the 8th over - 1 run(s), 2 hit(s), 0 error(s), 2 left on base; San Diego 5 - Bismark 3 |
BOTTOM OF THE 8TH |
Bismark Border Guards batting - Pitching for San Diego Smashers : RHP Joe Shoemaker
|
Now at 2B: Gilberto Guzmán
|
|
Now at 3B: Fletcher Reed
|
|
Batting: RHB Doug Williams
|
0-0: Ball 1-0: Swinging Strike 1-1: Swinging Strike 1-2: Ball 2-2: Ball 3-2: Strikes out swinging
|
Batting: LHB Norbert Mosley
|
0-0: Called Strike 0-1: Swinging Strike 0-2: Foul Ball, location: 2F 0-2: Foul Ball, location: 2F 0-2: Ball 1-2: Ball 2-2: Foul Ball, location: 2F 2-2: Strikes out swinging
|
Batting: RHB Alejandro Ramos
|
0-0: Ball 1-0: Called Strike 1-1: Fly out, F3 (Popup, 3D)
|
Bottom of the 8th over - 0 run(s), 0 hit(s), 0 error(s), 0 left on base; San Diego 5 - Bismark 3 |
TOP OF THE 9TH |
San Diego Smashers batting - Pitching for Bismark Border Guards : RHP Beau Murphy
|
Batting: LHB Ramiro Martínez
|
0-0: Ball 1-0: Ball 2-0: Called Strike 2-1: SINGLE (Line Drive, 4MD)
|
Batting: RHB António López
|
0-0: Grounds into double play, 4-6-3 (Groundball, 4)
|
Batting: RHB Phil White
|
0-0: Ball 1-0: Ball 2-0: Called Strike 2-1: Foul Ball, location: 2F 2-2: Strikes out looking
|
Top of the 9th over - 0 run(s), 1 hit(s), 0 error(s), 0 left on base; San Diego 5 - Bismark 3 |
BOTTOM OF THE 9TH |
Bismark Border Guards batting - Pitching for San Diego Smashers : RHP Joe Shoemaker
|
Pitching: RHP Jeremy Murray
|
|
Batting: SHB Vicente Pagán
|
0-0: Called Strike 0-1: Ground out 4-3 (Groundball, 34)
|
Batting: RHB Reynaldo Slomp
|
0-0: Called Strike 0-1: Hit by Pitch
|
Batting: RHB Edward Melton
|
0-0: Ball 1-0: SINGLE (Line Drive, 8LS) Reynaldo Slomp to second
|
Batting: LHB Rusty Herbert
|
0-0: Ball 1-0: Swinging Strike 1-1: Fielders Choice at 2nd, 1-6 (Groundball, 15) Reynaldo Slomp to third
|
Batting: RHB Enrico Rodríguez
|
0-0: Ball 1-0: Foul Ball, location: 2F 1-1: DOUBLE (Line Drive, 9LM) Reynaldo Slomp scores Rusty Herbert to third
|
Batting: RHB Mike Wright
|
0-0: Ball 1-0: Called Strike 1-1: Ground out 6-3 (Groundball, 6)
|
Bottom of the 9th over - 1 run(s), 2 hit(s), 0 error(s), 2 left on base; San Diego 5 - Bismark 4 |
|